 Dungeon Crawl Stone Soup version 0.21.0-3-g78d12a8 (webtiles) character file.

71 mortelune the Firebug (level 4, -1/33 HPs)
             Began as a Draconian Fire Elementalist on Jan 18, 2018.
             Slain by Sigmund
             ... wielding a +2 scythe of distortion
              (5 damage)
             ... on level 2 of the Dungeon.
             The game lasted 00:06:53 (2692 turns).

mortelune the Firebug (Draconian Fire Elementalist) Turns: 2692, Time: 00:06:54

Health: -1/33      AC:  5    Str: 11    XL:     4   Next: 5%
Magic:  2/7        EV: 12    Int: 16    God:
Gold:   104        SH:  0    Dex: 11    Spells: 2/8 levels left

rFire    + . .     SeeInvis .   c - +0 dagger
rCold    + . .     Gourm    .   (no shield)
rNeg     . . .     Faith    .   (armour unavailable)
rPois    +         Spirit   .   (helmet restricted)
rElec    +         Reflect  .   (no cloak)
rCorr    +         Harm     .   (no gloves)
MR       .....                  (no boots)
Stlth    +.........             (no amulet)
HPRegen  0.11/turn              (no ring)
MPRegen  0.10/turn              (no ring)

@: confused, about to teleport, resistant
A: unfitting armour, cold-blooded, AC +5
a: no special abilities


You were on level 2 of the Dungeon.
You were near starving.

You visited 1 branch of the dungeon, and saw 2 of its levels.

You collected 104 gold pieces.

Inventory:

Hand Weapons
 c - a +0 dagger (weapon)
 h - a +0 short sword
Scrolls
 e - a scroll of teleportation {unknown}
 f - a scroll of blinking {unknown}
Books
 a - a book of Flames

   Spells                             Type                      Level
   a - Flame Tongue                   Conjuration/Fire             1
   b - Throw Flame                    Conjuration/Fire             2
   c - Conjure Flame                  Conjuration/Fire             3
   d - Inner Flame                    Hexes/Fire                   3
   e - Sticky Flame                   Conjuration/Fire             4
   f - Fireball                       Conjuration/Fire             5
Comestibles
 b - 5 rations


   Skills:
 - Level 1.7 Dodging
 - Level 1.7 Stealth
 + Level 2.5 Spellcasting
 * Level 2.9 Conjurations
 + Level 3.5 Fire Magic


You had 2 spell levels left.
You knew the following spells:

 Your Spells              Type           Power        Failure   Level  Hunger
a - Flame Tongue          Conj/Fire      ##...        5%          1    #......
b - Throw Flame           Conj/Fire      ##....       8%          2    ##.....
c - Conjure Flame         Conj/Fire      ##......     16%         3    ###....


Dungeon Overview and Level Annotations

Branches:
Dungeon (2/15)

Altars:

Annotations:
D:2 Sigmund


Innate Abilities, Weirdness & Mutations

Your plain brown scales are hard. (AC +5)
You cannot fit into any form of body armour.
You are cold-blooded and may be slowed by cold attacks.


Message History

You can't see any susceptible monsters within range! (Use Z to cast anyway.) Unknown command.
Something hits you but does no damage. Space bends around you.
You hear some strange, mumbled words.
You are confused.
Something hits you but does no damage.
You feel a strange sense of stasis.
You hear some strange, mumbled words.
A puff of flame appears from out of thin air!
Helpless, you fail to dodge the puff of flame.
Something hits you but does no damage.
You feel a strange sense of stasis.
You feel less confused.
You hear some strange, mumbled words.
You are confused.
You feel less wooden. Something hits you!
You feel strangely unstable.
A magic dart appears from out of thin air!
The magic dart hits you!
* * * LOW HITPOINT WARNING * * *
Something hits you.
You die...

..######### #... ........... ..
#..# .......#.# #.# #..#
.........# #.# ...# ....#....#
#.# #..# ....#....####.# #..#
...........##.# #..#
.###.....#.##.#########..# .#
#.....#......@.{......#######
####...#####...########.........
..(......#....## #...#####..
##.#.#.#.#.##.# #.#..@..@..
.......#...##.# #...#######
##.#.#.##.###.# ##..# #.....##.#
#.# #..# ####.####.# #.# #.)# ).
.. #.# ..# #..#


There were no monsters in sight!

Vanquished Creatures
  2 adders
  A worm (D:2)
  A leopard gecko (D:1)
  A ball python (D:1)
  A giant cockroach (D:1)
  7 goblins
  7 hobgoblins (D:1)
  A quokka (D:2)
  8 bats (D:1)
  A frilled lizard (D:1)
  9 kobolds
  9 rats
48 creatures vanquished.

Notes
Turn   | Place    | Note
-------+----------+-------------------------------------------
     0 | D:1      | mortelune the Draconian Fire Elementalist began the quest for the Orb.
     0 | D:1      | Reached XP level 1. HP: 14/14 MP: 3/3
   527 | D:1      | Reached XP level 2. HP: 20/20 MP: 3/5
   668 | D:1      | Learned a level 2 spell: Throw Flame
  1730 | D:1      | Reached XP level 3. HP: 26/26 MP: 3/6
  1735 | D:1      | Learned a level 3 spell: Conjure Flame
  2546 | D:2      | Reached XP level 4. HP: 33/33 MP: 3/7
  2657 | D:2      | Noticed Sigmund
  2692 | D:2      | Slain by Sigmund

Skill      XL: |  1  2 |
---------------+-------+-----
Conjurations   | 2 |  2.9
Dodging        | |  1.7
Stealth        | |  1.7
Spellcasting   | |  2.5
Fire Magic     | |  3.5

Action                   |  1- 3 |  4- 6 || total
-------------------------+-------+-------++-------
Melee: Dagger            |     7 |       ||     7
 Cast: Flame Tongue      |    53 |     8 ||    61
       Throw Flame       |    26 |     3 ||    29
  Use: Potion            |       |     2 ||     2
       Scroll            |       |     1 ||     1
  Eat: Chunk             |     6 |       ||     6
Armor: Skin              |    16 |     7 ||    23
Dodge: Dodged            |    37 |       ||    37
